cohdb
Replays
Latest Replays
All Replays
Popular Replays
Top Player Replays
Match Explorer
How It Works
Community
CoH3 Stats
Reddit
Sign in to upload your games and track your stats! →
Sign in with Steam
Match 39874131
Unlisted
Match 39874131
Overview
Messages
Build Orders
End
Construct Infanterie Kompanie
Selects Luftwaffe Battlegroup
Selects Luftwaffe Pioneer Support
Fallschirmpioneer Squad Paradrop
MG 42 Machine Gun Team
Fallschirmpioneer Squad Paradrop
Construct Panzergrenadier Kompanie
Selects Reconnaissance Run
Grenadier Squad
251 Medium Carrier
Medical Station
Selects Fallschirmjäger Squad Paradrop
Reconnaissance Run
Fallschirmjäger Squad Paradrop
Support Elements
Nebelwerfer 42 Rocket Launcher Team
Reconnaissance Run
Fallschirmjäger1943
Nashorn101
FreeWilly
mordfustang
0
0
Comments
sign in to comment!
No comments posted yet!